 Dungeon Crawl Stone Soup version 0.29-a0-111-gbaf749a769 (webtiles) character file.

Game seed: 3967621870763433872

27710 drugrobin the Spear-Bearer (level 12, 0/94 HPs)
             Began as a Demigod Warper on Feb 17, 2022.
             Slain by a black mamba (11 damage)
             ... on level 2 of the Lair of Beasts.
             The game lasted 01:04:53 (19466 turns).

drugrobin the Spear-Bearer (Demigod Warper)        Turns: 19466, Time: 01:04:53

Health: 0/94       AC:  5    Str: 16    XL:     12   Next: 70%
Magic:  0/23       EV: 17    Int: 23    God:
Gold:   800        SH:  0    Dex: 17    Spells: 6/21 levels left

rFire   + . .      SeeInvis .   a - +1 glaive (freeze)
rCold   + + .      Faith    .   (shield currently unavailable)
rNeg    . . .      Spirit   +   B - +1 robe of Vines {NoPotionHeal Regen++++}
rPois   .          Reflect  .   (no helmet)
rElec   .          Harm     .   j - scarf {rC+ rF+}
rCorr   .          Rampage  .   n - +1 pair of gloves
Will    ++...                   (no boots)
Stlth   +++.......              v - amulet of guardian spirit
HPRegen 3.45/turn               M - ring of protection from cold
MPRegen 0.18/turn               P - ring of willpower

@: lethally poisoned (0 -> -1)
A: high MP 1, forlorn, divine attributes
a: no special abilities


You were on level 2 of the Lair of Beasts.
You visited 3 branches of the dungeon, and saw 13 of its levels.
You also visited: Ice Cave.

You collected 800 gold pieces.

Inventory:

Hand Weapons
 a - a +1 glaive of freezing (weapon)
 b - a +0 hunting sling
 c - a +2 spear of venom
 r - a +0 spear
 y - a +0 trident
 W - a +2 spear of flaming
Missiles
 d - 4 boomerangs of dispersal
 f - 212 stones
 k - 28 poisoned darts
 s - 5 curare-tipped darts
 z - 43 sling bullets
Armour
 j - a scarf of resistance (worn)
 m - a +0 cloak
 n - a +1 pair of gloves (worn)
 w - a +0 buckler
 B - the +1 robe of Vines (worn) {NoPotionHeal Regen++++}
   (You found it on level 6 of the Dungeon)

   Its wearer cannot be healed by potions.
   Regen:     It increases your rate of health regeneration.
Magical Staves
 o - a staff of poison
Jewellery
 v - an amulet of guardian spirit (around neck)
 F - an amulet of magic regeneration
 M - a ring of protection from cold (left hand)
 P - a ring of willpower (right hand)
Wands
 C - a wand of mindburst (18) (quivered)
 K - a wand of charming (5)
 L - a wand of iceblast (8)
 T - a wand of paralysis (3)
 U - a wand of acid (5)
Scrolls
 e - 5 scrolls of identify
 h - 6 scrolls of teleportation
 t - a scroll of silence
 x - 3 scrolls of enchant armour
 A - a scroll of summoning {unknown}
 D - 2 scrolls of fog {unknown}
 E - 2 scrolls of blinking
 G - a scroll of vulnerability {unknown}
 N - 4 scrolls of amnesia {unknown}
 R - a scroll of fear {unknown}
 S - a scroll of brand weapon {unknown}
 V - a scroll of magic mapping {unknown}
Potions
 g - a potion of might
 i - a potion of heal wounds
 l - a potion of flight
 p - 7 potions of curing
 q - 2 potions of brilliance
 u - 2 potions of cancellation
 H - a potion of haste
 I - a potion of resistance
 J - 2 potions of attraction
Miscellaneous
 O - a tin of tremorstones (1/2)
 Q - a phial of floods (inert)
 X - a phantom mirror (inert)


   Skills:
 + Level 5.0 Fighting
 * Level 13.1 Polearms
 - Level 0.8 Throwing
 - Level 0.8 Armour
 + Level 9.4 Dodging
 + Level 3.6 Stealth
 + Level 5.0 Spellcasting
 - Level 5.0 Summonings
 + Level 9.6 Translocations


You had 6 spell levels left.
You knew the following spells:

 Your Spells              Type           Power      Damage    Failure   Level
a - Blink                 Tloc           100%       N/A       1%          2
b - Teleport Other        Tloc           50%        N/A       1%          3
c - Gell's Gravitas       Tloc           50%        N/A       1%          3
g - Malign Gateway        Summ/Tloc      19%        N/A       99%         7

Your spell library contained the following spells:

 Spells                   Type           Power      Damage    Failure   Level
 Lesser Beckoning         Tloc           50%        N/A       1%          3
 Manifold Assault         Tloc           50%        N/A       4%          5
 Animate Skeleton         Necr           10%        N/A       10%         1
 Pain                     Necr           20%        1d5       10%         1
 Static Discharge         Conj/Air       5%         N/A       14%         2
 Tukima's Dance           Hex            5%         N/A       28%         3
 Vampiric Draining        Necr           5%         2d6       28%         3
 Animate Armour           Summ/Erth      34%        N/A       32%         4
 Anguish                  Hex/Necr       2%         N/A       67%         4
 Animate Dead             Necr           2%         N/A       67%         4
 Hailstorm                Conj/Ice       5%         3d4       67%         4
 Ice Form                 Ice/Tmut       5%         N/A       67%         4
 Blade Hands              Tmut           2%         N/A       95%         5
 Lightning Bolt           Conj/Air       2%         1d14      95%         5
 Iron Shot                Conj/Erth      2%         9d2       100%        6
 Simulacrum               Ice/Necr       2%         N/A       100%        6
 Enfeeble                 Hex            2%         N/A       100%        7
 Haunt                    Necr/Summ      8%         N/A       100%        7
 Infestation              Necr           2%         N/A       100%        8
 Maxwell's Capacitive Co  Air            2%         ∞         100%        8
 Summon Horrible Things   Summ           14%        N/A       100%        8


Dungeon Overview and Level Annotations

Branches:
Dungeon (10/15)            Temple (0/1) D:7            Lair (2/6) D:8
    Orc (1/2) D:9           IceCv (visited)
  Swamp: Lair:2-4    Shoals: Lair:2-4     Snake: Lair:2-4    Spider: Lair:2-4

Shops:
D:6 :


Innate Abilities, Weirdness & Mutations

You have an increased reservoir of magic. (+10% MP)
You shall have no god before yourself.
Your divine heritage dramatically boosts your attributes as you level up.


Message History

Unknown command.
Reach: a) +1 glaive (freeze)
Press: ? - help, Dir - move target, f - black mamba
Aim: a black mamba (severely wounded, about 52% to evade your +1 glaive of freezing)
You reach to attack!
You barely miss the black mamba.
The black mamba is severely wounded.
The black mamba bites you!
* * * LOW HITPOINT WARNING * * *
You are poisoned.
The black mamba poisons you!
Unknown command.
Casting: Blink (safe; 1% risk of failure)
Confirm with . or Enter, or press ? or * to list all spells.
You don't have enough magic to cast this spell.
Unknown command.
Unknown command.
Unknown command.
Unknown command.
Reach: a) +1 glaive (freeze)
Press: ? - help, Dir - move target, f/p - black mamba
Aim: a black mamba (severely wounded, about 52% to evade your +1 glaive of freezing)
Okay, then.
Unknown command.
Aiming: Paralyse
Press: ? - help, Shift-Dir - straight line, f/p - black mamba
Aim: a black mamba (severely wounded, chance to affect: 49%)
Okay, then.
Unknown command.
Aiming: Corrosive Bolt
Press: ? - help, Shift-Dir - straight line, f/p - black mamba
Aim: a black mamba (severely wounded, 53% to hit)
Okay, then.
Unknown command.
Aiming: Mindburst
Press: ? - help, Shift-Dir - straight line, f/p - black mamba
Aim: a black mamba (severely wounded, chance to affect: 64%)
The black mamba struggles to resist.
You feel very sick. The black mamba completely misses you.
The black mamba bites you!
You die...

#.....###P.# #....##.#...#.
#####.########.............
#...##.P###..............
..#.<.#...................
........[.................
.#...##....#######...#####
...........# ♣.........♣
##.........#♣..♣♣♣♣.♣♣♣♣..♣
#....#.....#. ♣@S.≈...♣
#...#......#♣..♣♣♣♣.♣♣♣♣..♣
...#.......# ♣.........♣
..#........# #####.########
.. ........# # #....S...#
+..######§♣.# #..[†...#.♣.#
######.)l.♣.# ####...#


You could see a black mamba.

Vanquished Creatures
  A frost giant (IceCv)
  A hydra (Lair:1)
  3 two-headed ogres (D:9)
  7 death yaks (IceCv)
  Joseph (D:8)
  2 black mambas (Lair:2)
  An ice statue (IceCv)
  6 cane toads
  9 rime drakes
  2 komodo dragons
  A troll (D:9)
  5 polar bears
  6 blink frogs
  3 wyverns (D:8)
  20 yaks
  A basilisk (D:8)
  A steam dragon (D:7)
  Grum (D:8)
  7 water moccasins
  7 orc warriors
  An ice beast (D:8)
  2 sky beasts
  3 black bears
  18 wolves
  A necrophage (D:6)
  4 ogres
  4 centaurs
  A phantom (D:7)
  8 kobold brigands
  9 bullfrogs
  A wyvern zombie (D:6)
  6 gnoll sergeants
  A water moccasin zombie (D:6)
  3 scorpions
  A water moccasin skeleton (D:5)
  4 killer bees (D:7)
  3 howler monkeys
  3 centaur zombies
  A hound (D:4)
  3 orc priests
  2 jellies
  2 gnoll shamans
  A bullfrog skeleton (D:5)
  A centaur skeleton (D:4)
  6 iguanas
  9 orc wizards
  23 gnolls
  9 adders
  3 shadow imps (D:6)
  2 white imps
  2 ufetubi
  A worm (D:2)
  4 dart slugs
  24 orcs
  4 bats
  4 endoplasms
  6 hobgoblins
  22 jackals
  20 kobolds
  4 quokkas
  6 ball pythons
  2 frilled lizards
  2 goblins
  6 rats
327 creatures vanquished.

Vanquished Creatures (collateral kills)
  A hydra (Lair:2)
1 creature vanquished.

Vanquished Creatures (others)
  An unseen horror (D:10)
  14 fungi
  60 plants
75 creatures vanquished.

Grand Total: 403 creatures vanquished

Notes
Turn   | Place    | Note
-------+----------+-------------------------------------------
     0 | D:1      | drugrobin the Demigod Warper began the quest for the Orb.
     0 | D:1      | Reached XP level 1. HP: 17/17 MP: 5/5
    39 | D:1      | Reached skill level 2 in Polearms
   410 | D:1      | Reached XP level 2. HP: 24/24 MP: 7/7
  1201 | D:1      | Learned a level 2 spell: Blink
  1331 | D:1      | Reached XP level 3. HP: 29/29 MP: 8/8
  1561 | D:2      | Reached skill level 3 in Polearms
  2755 | D:3      | Reached XP level 4. HP: 36/36 MP: 9/9
  3333 | D:4      | Learned a level 3 spell: Teleport Other
  3354 | D:4      | Noticed a bullfrog
  3631 | D:4      | Reached skill level 4 in Polearms
  3631 | D:4      | Reached XP level 5. HP: 24/41 MP: 7/10
  4830 | D:4      | Reached XP level 6. HP: 20/48 MP: 11/11
  5035 | D:4      | Reached skill level 5 in Polearms
  5333 | D:5      | Entered Level 5 of the Dungeon
  5956 | D:5      | Reached XP level 7. HP: 43/53 MP: 12/12
  7526 | D:5      | Reached skill level 6 in Polearms
  7986 | D:5      | HP: 1/53 [gnoll sergeant (16)]
  8443 | D:6      | Found the +1 robe of Vines {NoPotionHeal Regen++++}
  8445 | D:6      | Noticed an angel
  8760 | D:6      | Found Giuss's Book Shoppe.
  8837 | D:6      | Reached skill level 5 in Translocations
  8851 | D:6      | Reached XP level 8. HP: 60/60 MP: 13/13
  8935 | D:6      | Reached skill level 7 in Polearms
  8935 | D:6      | Reached skill level 5 in Dodging
  9394 | D:7      | Found a staircase to the Ecumenical Temple.
  9552 | D:7      | Reached skill level 8 in Polearms
  9882 | D:7      | Reached XP level 9. HP: 67/67 MP: 13/15
 10296 | D:8      | Noticed Joseph
 10310 | D:8      | Found a staircase to the Lair.
 10402 | D:8      | Reached skill level 9 in Polearms
 10728 | D:7      | Learned a level 3 spell: Gell's Gravitas
 10818 | D:8      | Noticed Grum
 10851 | D:8      | Killed Grum
 11182 | D:8      | Reached XP level 10. HP: 73/73 MP: 17/19
 11208 | D:8      | Learned a level 7 spell: Malign Gateway
 11595 | D:8      | Killed Joseph
 11596 | D:8      | Reached skill level 10 in Polearms
 11596 | D:8      | Reached skill level 1 in Summonings
 12465 | D:9      | Noticed a two-headed ogre
 12502 | D:9      | Killed a two-headed ogre
 12536 | D:9      | Noticed a five-headed hydra
 12786 | D:9      | Noticed a two-headed ogre
 12878 | D:9      | Killed a two-headed ogre
 12975 | D:9      | Found a staircase to the Orcish Mines.
 13580 | D:9      | Reached skill level 11 in Polearms
 13753 | D:10     | Entered Level 10 of the Dungeon
 13761 | D:10     | Noticed a two-headed ogre
 13820 | D:9      | Killed a two-headed ogre
 13821 | D:9      | Reached XP level 11. HP: 79/79 MP: 12/20
 14674 | Orc:1    | Entered Level 1 of the Orcish Mines
 14898 | Lair:1   | Entered Level 1 of the Lair of Beasts
 16203 | Lair:1   | Reached skill level 12 in Polearms
 16414 | Lair:1   | Identified the +1 plate armour of the Tick {Harm rN++ Str-4
                  | Int+8}
 16566 | Lair:2   | Found a frozen archway.
 16575 | IceCv    | Entered an ice cave
 16861 | IceCv    | Reached skill level 5 in Summonings
 17135 | IceCv    | Noticed a death yak
 17191 | IceCv    | Killed a death yak
 17382 | IceCv    | Noticed a death yak
 17382 | IceCv    | Noticed a death yak
 17492 | IceCv    | Killed a death yak
 17493 | IceCv    | Reached skill level 1 in Stealth
 17503 | IceCv    | Killed a death yak
 17504 | IceCv    | Reached XP level 12. HP: 69/91 MP: 2/21
 18315 | IceCv    | Noticed a frost giant
 18421 | IceCv    | Killed a frost giant
 18976 | Lair:2   | Reached skill level 13 in Polearms
 18986 | Lair:2   | Noticed a five-headed hydra
 19036 | Lair:1   | Killed a five-headed hydra
 19425 | Lair:2   | Noticed an eight-headed hydra
 19431 | Lair:2   | Killed an eight-headed hydra
 19432 | Lair:2   | Reached skill level 5 in Fighting
 19432 | Lair:2   | Reached skill level 5 in Spellcasting
 19466 | Lair:2   | Slain by a black mamba

Illustrated notes

Levels and vault maps discovered:
D:1:      dpeg_arrival_rooms_a, layout_rooms, basic_ecumenical_altar
D:2:      layout_loops_ring, minmay_pentomino_p4
D:3:      layout_loops_ring
D:4:      layout_cave_pods, mainiacjoe_overflow_brackets
D:5:      layout_basic, nicolae_grassy_gnolls
D:6:      layout_cave_pools, grunt_temple_overflow_order_and_chaos_1,
          serial_shops, nicolae_shop_statue_plus, minmay_misc_feat_square,
          minivault_26
D:7:      layout_loops_ring, temple_pool_b
D:8:      layout_basic, minmay_lair_entry_grove, uniq_joseph, uniq_grum
D:9:      layout_loops_ring, nicolae_vehumet_altar_sigil,
          kennysheep_orc_monster_closet_entryway, wad_dig_loot
D:10:     layout_rooms
Lair:1:   layout_loops_ring, grunt_megastairs_3
Lair:2:   nzn_winding_woodlands_small
          [nzn_winding_woodlands_5x15_river_crossing,
          nzn_winding_woodlands_center_lodge, nzn_winding_woodlands_5x15_eye],
          layout_regular_city, portal_ice_cave_entry_pillars_2,
          grunt_forest_small_clearing_treed, grunt_megastairs_4
Orc:1:    nicolae_orc_accident_2, layout_caves, basic_altar

Skill      XL: |  1  2  3  4  5  6  7  8  9 10 11 12 |
---------------+-------------------------------------+-----
Polearms       | 2 3 4 5 6 8 9 11 12 13 | 13.1
Dodging        | 2 3 4 5 6 7 8 9 |  9.4
Translocations | 3 4 5 6 7 8 9 |  9.6
Spellcasting   | 3 4 5 |  5.0
Summonings     | 3 5 |  5.0
Fighting       | 3 5 |  5.0
Stealth        | 1 3 |  3.6
Throwing       | |  0.8
Armour         | |  0.8

Action                   |  1- 3 |  4- 6 |  7- 9 | 10-12 || total
-------------------------+-------+-------+-------+-------++-------
Melee: Spear             |   204 |   246 |   555 |  1320 ||  2325
       Punch             |       |     2 |     9 |     8 ||    19
       Trident           |       |       |    38 |       ||    38
       Short sword       |       |       |    54 |   112 ||   166
       Glaive            |       |       |       |    17 ||    17
 Fire: Hunting sling     |    24 |    76 |    37 |    22 ||   159
Throw: Stone             |     9 |     3 |     2 |     2 ||    16
       Boomerang         |     1 |       |       |    22 ||    23
       Dart              |     1 |     5 |    18 |    15 ||    39
 Cast: Blink             |     1 |    10 |     5 |    28 ||    44
       Teleport Other    |       |       |     2 |     9 ||    11
       Gell's Gravitas   |       |       |    13 |    20 ||    33
Evoke: Wand              |       |       |       |     8 ||     8
       Phial of floods   |       |       |       |     1 ||     1
       Phantom mirror    |       |       |       |     1 ||     1
       Tin of tremorston |       |       |       |     1 ||     1
  Use: Scroll            |       |       |     2 |    14 ||    16
       Potion            |       |       |       |     1 ||     1
 Stab: Sleeping          |     1 |       |     2 |     1 ||     4
       Distracted        |       |       |       |     1 ||     1
Armor: Leather armour    |    52 |    61 |    18 |       ||   131
       Robe              |       |       |    87 |   163 ||   250
Dodge: Dodged            |   150 |   153 |   388 |   755 ||  1446
Block: Buckler           |       |       |       |   109 ||   109

Table legend: (Time is in decaauts)
 A = Elapsed time spent in this place.
 B = Non-inter-level travel time spent in this place.
 C = Inter-level travel time spent in this place.
 D = Time resting spent in this place.
 E = Time spent auto-exploring this place.
 F = Levels seen in this place.
 G = Mean time per level.
                   A        B        C        D        E       F      G
               +--------+--------+--------+--------+--------+-----+--------+
         Total |  18694 |  18162 |    532 |   2437 |   9746 |  14 | 1335.3 |
       Dungeon |  14385 |  13884 |    501 |   2142 |   7419 |  10 | 1438.5 |
          Lair |   1998 |   1967 |     31 |     61 |   1309 |   2 |  999.0 |
  Orcish Mines |    161 |    161 |      0 |      0 |     78 |   1 |  161.0 |
      Ice Cave |   2149 |   2149 |      0 |    234 |    940 |   1 | 2149.0 |
               +--------+--------+--------+--------+--------+-----+--------+

Top non-repeatable levels by time:
     D:4: 2662 daAuts
     D:5: 2649 daAuts
   IceCv: 2149 daAuts
     D:8: 2008 daAuts
  Lair:1: 1589 daAuts
     D:9: 1571 daAuts
     D:1: 1548 daAuts
     D:3: 877 daAuts
     D:2: 877 daAuts
     D:7: 823 daAuts
     D:6: 700 daAuts
    D:10: 666 daAuts
  Lair:2: 408 daAuts
   Orc:1: 161 daAuts
